 Dungeon Crawl Stone Soup version 0.24-a0-615-g751f86b5a9 (webtiles) character file.

Game seed: 15384861977649372056, levelgen mode: deterministic

48 Gynju the Firebug (level 3, -10/19 HPs)
             Began as a Deep Elf Fire Elementalist on Sept 13, 2019.
             Killed from afar by Sigmund (11 damage)
             ... with a puff of flame
             ... on level 2 of the Dungeon.
             The game lasted 00:02:18 (1600 turns).

Gynju the Firebug (Deep Elf Fire Elementalist)      Turns: 1600, Time: 00:02:18

Health: -10/19     AC:  3    Str:  5    XL:     3   Next: 50%
Magic:  0/9        EV: 13    Int: 20    God:
Gold:   69         SH:  0    Dex: 15    Spells: 5/8 levels left

rFire    . . .     SeeInvis .   b - +0 whip
rCold    . . .     Gourm    .   (no shield)
rNeg     . . .     Faith    .   a - +0 robe
rPois    .         Spirit   .   (no helmet)
rElec    .         Reflect  .   (no cloak)
rCorr    .         Harm     .   j - +0 pair of gloves
MR       .....                  (no boots)
Stlth    ++........             (no amulet)
HPRegen  0.06/turn              (no ring)
MPRegen  0.11/turn              (no ring)

@: no status effects
A: no striking features
a: no special abilities


You were on level 2 of the Dungeon.
You were not hungry.

You visited 1 branch of the dungeon, and saw 2 of its levels.

You collected 69 gold pieces.

Inventory:

Hand Weapons
 b - a +0 whip (weapon)
Armour
 a - a +0 robe (worn)
 j - a +0 pair of gloves (worn)
Jewellery
 k - a cursed amulet of inaccuracy {unknown}
Scrolls
 d - 2 scrolls of remove curse {unknown}
 f - 4 scrolls of identify {unknown}
 g - a scroll of immolation {unknown}
Potions
 e - 2 potions of curing {unknown}
 h - a potion of agility {unknown}
 i - a potion of heal wounds {unknown}
Comestibles
 c - 4 rations


   Skills:
 - Level 2.4 Dodging
 - Level 2.4 Stealth
 - Level 3.0 Spellcasting
 + Level 2.7 Conjurations
 + Level 4.2 Fire Magic


You had 5 spell levels left.
You knew the following spells:

 Your Spells              Type           Power        Failure   Level  Hunger
a - Flame Tongue          Conj/Fire      ###..        3%          1    None
b - Throw Flame           Conj/Fire      ###...       4%          2    ##.....

Your spell library contained the following spells:

 Spells                   Type           Power        Failure   Level  Hunger
 Conjure Flame            Conj/Fire      ###.....     10%         3    ###....
 Inner Flame              Hex/Fire       ##......     19%         3    ###....
 Sticky Flame             Conj/Fire      ###.....     32%         4    ####...
 Fireball                 Conj/Fire      ###.......   67%         5    ######.


Dungeon Overview and Level Annotations

Branches:
Dungeon (2/15)

Altars:
Fedhas

Annotations:
D:2 Sigmund, Terence


Message History

Press: ? - help, Shift-Dir - straight line, f/p - Sigmund
Aim: Sigmund, wielding a +0 scythe and wearing a +0 robe (heavily wounded)
The flame tongue hits Sigmund!
Sigmund is severely wounded.
Sigmund points at you and mumbles some strange words.
The magic dart hits you.
Casting: Flame Tongue (safe; 3% risk of failure)
Confirm with . or Enter, or press ? or * to list all spells.
Aiming: Flame Tongue (safe; 3% risk of failure)
Press: ? - help, Shift-Dir - straight line, f/p - Sigmund
Aim: Sigmund, wielding a +0 scythe and wearing a +0 robe (severely wounded)
The flame tongue misses Sigmund.
Sigmund says, "Your kind have come here before.
I understand now why.
You desire death..."
Sigmund gestures at you while chanting. The puff of flame hits you.
* * * LOW HITPOINT WARNING * * *
Sigmund casts a spell at you. The puff of flame hits you!
Ouch! That really hurt!
You die...

#......######## ##.##
#......@......# #..#
#......###..#.###.##
#......###.##.....#
########......#...#
#......@##.#.##..#
#........#.......#
#######.........)##)####
.........@.......#..#
#####............##
#.....#(..######
#.#.#.#(### #.#.#.#.#
#########.#รท###.#
#.........#.....#
####.###############
.....#


You could see Sigmund.

Vanquished Creatures
  2 adders (D:2)
  An ooze (D:1)
  3 bats
  A giant cockroach (D:1)
  7 hobgoblins
  A ball python (D:1)
  A frilled lizard (D:1)
  3 goblins (D:1)
  5 kobolds
  5 rats
29 creatures vanquished.

Notes
Turn   | Place    | Note
-------+----------+-------------------------------------------
     0 | D:1      | Gynju the Deep Elf Fire Elementalist began the quest for
                  | the Orb.
     0 | D:1      | Reached XP level 1. HP: 10/10 MP: 6/6
   318 | D:1      | Reached XP level 2. HP: 15/15 MP: 2/8
   322 | D:1      | Learned a level 2 spell: Throw Flame
   986 | D:1      | Reached skill level 4 in Fire Magic
  1145 | D:2      | Reached XP level 3. HP: 19/19 MP: 2/9
  1485 | D:2      | Found a blossoming altar of Fedhas.
  1541 | D:2      | Noticed Terence
  1566 | D:2      | Noticed Sigmund
  1600 | D:2      | Killed from afar by Sigmund

Levels and vault maps discovered:
D:1:      lemuel_arrival_funnel, layout_basic
D:2:      layout_basic, nicolae_overflow_crystal_walls, old_standard_altar,
          nicolae_overflow_hidden_temple, minmay_tromino_v4_c, uniq_sigmund,
          uniq_terence

Skill      XL: |  1  2 |
---------------+-------+-----
Conjurations   | 2 |  2.7
Fire Magic     | 4 |  4.2
Dodging        | |  2.4
Stealth        | |  2.4
Spellcasting   | |  3.0

Action                   || total
-------------------------++-------
Melee: Whip              ||    14
 Cast: Flame Tongue      ||    26
       Throw Flame       ||    30
  Eat: Chunk             ||     3
Armor: Robe              ||    13
Dodge: Dodged            ||    28

Table legend:
 A = Non-vault XP
 B = Vault XP
 C = Vault XP percentage of total XP
 D = Non-vault monster count
 E = Vault monster count
 F = Vault count percentage of total count
                 A         B        C        D         E       F
            +---------+---------+-------+---------+---------+-------
      Total |      66 |       3 |   4.3 |      27 |       2 |   6.9
            +---------+---------+-------+---------+---------+-------
        D:1 |      35 |       0 |   0.0 |      22 |       0 |   0.0
        D:2 |      31 |       3 |   8.8 |       5 |       2 |  28.6
            +---------+---------+-------+---------+---------+-------
